NEW JERSEY vs DETROIT

Created - March-14-21 at 12:40

Goals
1 2 3 T
NEW JERSEY 3 2 0 5
DETROIT 1 0 1 2
Shots
1 2 3 T
NEW JERSEY 14 11 8 33
DETROIT 9 6 7 22

1st period

1. NEW JERSEY , Jake Guentzel 14 (Dougie Hamilton 24, Jeff Petry 13) at 0:26
2. NEW JERSEY , Jake Guentzel 15 (Samuel Girard 14, Sean Couturier 14) at 11:54
3. NEW JERSEY , Dmitry Orlov 4 (Sean Couturier 15, Samuel Girard 15) at 16:19 (PP)
4. DETROIT , Valeri Nichushkin 1 (Aaron Ekblad 15, Tyler Myers 7) at 18:21

Penalties :
Sean Couturier (NJ ) for Roughing (Minor) at 3:16, Tyler Myers (DET) for Hooking (Minor) at 15:38

2nd period

5. NEW JERSEY , Dougie Hamilton 4 (Jeff Petry 14, Matt Murray) at 2:16 (PP)
6. NEW JERSEY , Evander Kane 9 (Dougie Hamilton 25, Dylan Strome 8) at 17:07

Penalties :
Christian Dvorak (DET) for Hooking (Minor) at 2:00, Jake Guentzel (NJ ) for Boarding (Minor) at 11:27

3rd period

7. DETROIT , Max Domi 10 (Zemgus Girgensons 5, Tyler Myers 8) at 7:50 (PP)

Penalties :
Jake Muzzin (NJ ) for Interference (Minor) at 1:16, Samuel Girard (NJ ) for Hooking (Minor) at 7:14

Goalie Stats

Matt Murray (NJ ), 20 saves from 22 shots - (0.909), W, 12-10-3, 60:00 minutes
John Gibson (DET), 28 saves from 33 shots - (0.848), L, 17-16-3, 60:00 minutes

Players Stats for NEW JERSEY

Player Name              G  A  P  +/- PIM S  H  SB GA TA FO     MP     PP MP  PK MP  
------------------------------------------------------------------------------------
Alex DeBrincat           0  0  0   2  0   0  0  0  0  0  0/1    18:47   0:41   0:00 
Anders Lee               0  0  0   0  0   2  0  0  0  0  0/0    16:51   0:16   0:00 
Andrew Copp              0  0  0   0  0   0  1  0  0  0  3/8     9:49   0:16   2:11 
Anthony Duclair          0  0  0   0  0   1  0  0  0  0  0/2    12:11   0:00   1:44 
Brad Hunt                0  0  0   0  0   1  0  0  0  0  0/0    16:08   0:00   1:03 
Danton Heinen            0  0  0   0  0   2  0  0  0  0  0/0     7:22   0:00   0:00 
Derek Stepan             0  0  0   0  0   2  0  0  0  0  7/20   14:25   0:00   3:58 
Dmitry Orlov             1  0  1   0  0   1  2  1  0  0  0/0    21:43   0:41   3:17 
Dougie Hamilton          1  2  3   2  0   3  2  2  0  0  0/0    23:12   0:16   3:16 
Dylan Strome             0  1  1   0  0   4  0  0  0  0  12/22  16:51   0:16   0:00 
Evander Kane             1  0  1   0  0   4  2  0  0  0  0/0    18:59   0:41   1:43 
Jake Guentzel            2  0  2   2  2   4  1  0  0  0  0/1    18:05   0:00   0:00 
Jake Muzzin              0  0  0   0  2   0  2  0  0  0  0/0    19:41   0:00   1:57 
Jeff Petry               0  2  2   2  0   0  3  0  0  0  0/0    23:29   0:16   3:33 
Mikael Granlund          0  0  0   0  0   4  1  0  0  0  0/2    10:27   0:00   0:00 
Samuel Girard            0  2  2   0  2   1  3  1  0  0  0/0    15:45   0:41   0:00 
Sean Couturier           0  2  2   2  2   3  4  0  0  0  14/23  21:58   0:41   3:12 
Zach Aston-Reese         0  0  0   0  0   1  0  0  0  0  0/0     7:40   0:00   0:18 

Players Stats for DETROIT

Player Name              G  A  P  +/- PIM S  H  SB GA TA FO     MP     PP MP  PK MP  
------------------------------------------------------------------------------------
Aaron Ekblad             0  1  1  -2  0   0  0  2  0  0  0/0    22:28   3:35   0:57 
Alexander Wennberg       0  0  0   1  0   0  0  0  0  0  6/11    7:59   0:05   0:00 
Andrej Sekera            0  0  0   0  0   0  0  1  0  0  0/0    13:37   0:00   0:41 
Brendan Smith            0  0  0   0  0   0  0  0  0  0  0/0     6:13   0:00   0:00 
Calle Jarnkrok           0  0  0  -1  0   1  2  0  0  0  2/2    19:11   2:24   0:00 
Chandler Stephenson      0  0  0   1  0   2  0  0  0  0  0/0     7:54   0:00   0:00 
Christian Dvorak         0  0  0  -2  2   1  0  0  0  0  9/18   18:32   3:35   0:00 
Colton Sceviour          0  0  0   0  0   2  0  0  0  0  0/0    13:01   0:00   0:10 
Ian Cole                 0  0  0   0  0   0  3  1  0  0  0/0    17:53   2:28   0:00 
Justin Abdelkader        0  0  0   0  0   2  3  0  0  0  1/1    12:51   0:00   0:00 
Max Domi                 1  0  1  -2  0   4  1  0  0  0  0/1    18:43   3:35   0:10 
Oscar Klefbom            0  0  0   0  0   2  1  0  0  0  0/0    18:23   2:58   0:00 
Patrik Nemeth            0  0  0   0  0   0  2  2  0  0  0/0    13:31   0:35   0:00 
Robert Bortuzzo          0  0  0   0  0   0  0  0  0  0  0/0     6:13   0:00   0:00 
Ryan Nugent-Hopkins      0  0  0  -1  0   3  3  0  0  0  17/29  20:27   2:53   0:47 
Scott Laughton           0  0  0   0  0   1  0  0  0  0  6/13   13:30   0:39   0:00 
Taylor Hall              0  0  0  -1  0   1  1  0  0  0  0/1    20:27   2:53   0:47 
Tyler Myers              0  2  2  -2  2   1  0  3  0  0  0/0    21:41   3:30   0:16 
Valeri Nichushkin        1  0  1   1  0   2  1  0  0  0  0/0     7:54   0:00   0:00 
Zemgus Girgensons        0  1  1  -2  0   0  0  1  0  0  2/3    18:33   3:35   0:00 

3 Stars

1 - Dougie Hamilton (NJ )
2 - Jake Guentzel (NJ )
3 - Jeff Petry (NJ )

Power Play

NEW JERSEY - 2 on 2 Attempt(s) - 100.00%
DETROIT - 1 on 4 Attempt(s) - 25.00%

Penalty Kill

NEW JERSEY - 3 on 4 Attempt(s) - 75.00% - Score 0 goal in Penalty Kill
DETROIT - 0 on 2 Attempt(s) - 0.00% - Score 0 goal in Penalty Kill

Team Stat

NEW JERSEY - Hits : 21 - Faceoff Wins : 36 - Blocked Shots : 4 - Penalty Minutes : 8
DETROIT - Hits : 17 - Faceoff Wins : 43 - Blocked Shots : 10 - Penalty Minutes : 4

Official

Referees : Reid Anderson and Brandon Schrader
Linesman : Greg Devorski and Jesse Marquis

Game Notes

No Game Note

Finance

Level 1 -- Attendance: 3908 (65.13%) -- Ticket Income $429,880
Level 2 -- Attendance: 4129 (82.58%) -- Ticket Income $247,740
Level 3 -- Attendance: 1419 (70.95%) -- Ticket Income $56,760
Level 4 -- Attendance: 2588 (64.70%) -- Ticket Income $64,700
Luxury Box -- Attendance: 976 (97.60%) -- Ticket Income $175,680
Game was played at the Little Caesars Arena.
Total Attendance: 13020 (72.33%)
Total Ticket Income: $974,760
Total Income: $974,760

NEW JERSEY

5 vs 5 Forward 
   Center                   Left Wing                Right Wing               Time % Phy DF OF 
 1 Sean Couturier           Alex DeBrincat           Jake Guentzel            35     1   2  2  
 2 Dylan Strome             Anders Lee               Evander Kane             30     1   2  2  
 3 Derek Stepan             Mikael Granlund          Anthony Duclair          20     1   2  2  
 4 Andrew Copp              Zach Aston-Reese         Danton Heinen            15     1   2  2  

5 vs 5 Defense 
   Defense                  Defense                                           Time % Phy DF OF 
 1 Dougie Hamilton          Jeff Petry                                        35     1   2  2  
 2 Jake Muzzin              Dmitry Orlov                                      30     1   2  2  
 3 Samuel Girard            Brad Hunt                                         25     1   2  2  
 4 Dougie Hamilton          Jeff Petry                                        10     1   2  2  

PowerPlay Forward 
   Center                   Left Wing                Right Wing               Time % Phy DF OF 
 1 Sean Couturier           Evander Kane             Alex DeBrincat           60     1   2  2  
 2 Dylan Strome             Anders Lee               Jake Guentzel            40     1   2  2  

PowerPlay Defense
   Defense                  Defense                                           Time % Phy DF OF 
 1 Dougie Hamilton          Jeff Petry                                        60     1   2  2  
 2 Samuel Girard            Dmitry Orlov                                      40     1   2  2  

Penalty Kill 4 Players Forward 
   Center                   Wing                     Time % Phy DF OF 
 1 Sean Couturier           Derek Stepan             60     1   2  2  
 2 Andrew Copp              Evander Kane             40     1   2  2  

Penalty Kill 4 Players Defense
   Defense                  Defense                  Time % Phy DF OF 
 1 Dougie Hamilton          Jake Muzzin              60     1   2  2  
 2 Jeff Petry               Dmitry Orlov             40     1   2  2  

Penalty Kill - 3 Players Forward 
   Forward                                           Time % Phy DF OF 
 1 Sean Couturier                                    60     1   2  2  
 2 Derek Stepan                                      40     1   2  2  

Penalty Kill - 3 Players Defense
   Defense                  Defense                  Time % Phy DF OF 
 1 Dougie Hamilton          Jake Muzzin              60     1   2  2  
 2 Jeff Petry               Dmitry Orlov             40     1   2  2  

4 vs 4 Forward 
   Center                   Wing                     Time % Phy DF OF 
 1 Sean Couturier           Jake Guentzel            60     1   2  2  
 2 Dylan Strome             Evander Kane             40     1   2  2  

4 vs 4 Defense
   Defense                  Defense                  Time % Phy DF OF 
 1 Dougie Hamilton          Jeff Petry               60     1   2  2  
 2 Samuel Girard            Dmitry Orlov             40     1   2  2  

Last Minutes Offensive
   Center                   Left Wing                Right Wing               Defense                  Defense                  
   Sean Couturier           Anders Lee               Evander Kane             Dougie Hamilton          Jeff Petry               

Last Minutes Defensive
   Center                   Left Wing                Right Wing               Defense                  Defense                  
   Sean Couturier           Anders Lee               Evander Kane             Dougie Hamilton          Jeff Petry               

Goaltenders
Starting : Matt Murray              
Backup : Cal Petersen             

Extra Forwards
Normal : Andrew Copp, Mikael Granlund, Anthony Duclair - PP : Andrew Copp, Mikael Granlund - PK : Anthony Duclair
Extra Defensemen
Normal : Samuel Girard, Brad Hunt, Jake Muzzin - PP : Samuel Girard - PK : Brad Hunt, Jake Muzzin
Penalty Shots
Sean Couturier, Anders Lee, Evander Kane, Jake Guentzel, Alex DeBrincat

Scratches
Jonathan Bernier (Healthy)

DETROIT

5 vs 5 Forward 
   Center                   Left Wing                Right Wing               Time % Phy DF OF 
 1 Ryan Nugent-Hopkins      Taylor Hall              Calle Jarnkrok           35     1   2  2  
 2 Christian Dvorak         Max Domi                 Zemgus Girgensons        30     1   2  2  
 3 Scott Laughton           Colton Sceviour          Justin Abdelkader        25     1   2  2  
 4 Alexander Wennberg       Chandler Stephenson      Valeri Nichushkin        10     1   2  2  

5 vs 5 Defense 
   Defense                  Defense                                           Time % Phy DF OF 
 1 Aaron Ekblad             Tyler Myers                                       35     1   2  2  
 2 Oscar Klefbom            Ian Cole                                          30     1   2  2  
 3 Patrik Nemeth            Andrej Sekera                                     25     1   2  2  
 4 Robert Bortuzzo          Brendan Smith                                     10     1   2  2  

PowerPlay Forward 
   Center                   Left Wing                Right Wing               Time % Phy DF OF 
 1 Ryan Nugent-Hopkins      Taylor Hall              Calle Jarnkrok           60     1   2  2  
 2 Christian Dvorak         Max Domi                 Zemgus Girgensons        40     1   2  2  

PowerPlay Defense
   Defense                  Defense                                           Time % Phy DF OF 
 1 Aaron Ekblad             Tyler Myers                                       60     1   2  2  
 2 Oscar Klefbom            Ian Cole                                          40     1   2  2  

Penalty Kill 4 Players Forward 
   Center                   Wing                     Time % Phy DF OF 
 1 Ryan Nugent-Hopkins      Taylor Hall              60     1   2  2  
 2 Max Domi                 Christian Dvorak         40     1   2  2  

Penalty Kill 4 Players Defense
   Defense                  Defense                  Time % Phy DF OF 
 1 Aaron Ekblad             Tyler Myers              60     1   2  2  
 2 Oscar Klefbom            Ian Cole                 40     1   2  2  

Penalty Kill - 3 Players Forward 
   Forward                                           Time % Phy DF OF 
 1 Ryan Nugent-Hopkins                               60     1   2  2  
 2 Taylor Hall                                       40     1   2  2  

Penalty Kill - 3 Players Defense
   Defense                  Defense                  Time % Phy DF OF 
 1 Aaron Ekblad             Tyler Myers              60     1   2  2  
 2 Oscar Klefbom            Ian Cole                 40     1   2  2  

4 vs 4 Forward 
   Center                   Wing                     Time % Phy DF OF 
 1 Ryan Nugent-Hopkins      Taylor Hall              60     1   2  2  
 2 Max Domi                 Christian Dvorak         40     1   2  2  

4 vs 4 Defense
   Defense                  Defense                  Time % Phy DF OF 
 1 Aaron Ekblad             Tyler Myers              60     1   2  2  
 2 Oscar Klefbom            Ian Cole                 40     1   2  2  

Last Minutes Offensive
   Center                   Left Wing                Right Wing               Defense                  Defense                  
   Ryan Nugent-Hopkins      Taylor Hall              Calle Jarnkrok           Aaron Ekblad             Tyler Myers              

Last Minutes Defensive
   Center                   Left Wing                Right Wing               Defense                  Defense                  
   Ryan Nugent-Hopkins      Taylor Hall              Calle Jarnkrok           Aaron Ekblad             Tyler Myers              

Goaltenders
Starting : John Gibson              
Backup : Pheonix Copley           

Extra Forwards
Normal : Scott Laughton, Alexander Wennberg, Colton Sceviour - PP : Scott Laughton, Alexander Wennberg - PK : Colton Sceviour
Extra Defensemen
Normal : Patrik Nemeth, Andrej Sekera, Robert Bortuzzo - PP : Patrik Nemeth - PK : Andrej Sekera, Robert Bortuzzo
Penalty Shots
Ryan Nugent-Hopkins, Taylor Hall, Max Domi, Christian Dvorak, Calle Jarnkrok

Scratches
Tomas Nosek (Healthy), DET CAPHIT (Suspend)

% Time on Ice - NEW JERSEY

Lines # - Real PCT - Wanted PCT - Time Play
Normal Forward
1 - 34% - 35% - 18:06
2 - 32% - 30% - 16:35
3 - 20% - 20% - 10:27
4 - 14% - 15% - 7:22
Normal Defense
1 - 32% - 35% - 16:55
2 - 34% - 30% - 17:45
3 - 29% - 25% - 15:05
4 - 5% - 10% - 2:45
PP Forward
1 - 72% - 60% - 0:41
2 - 28% - 40% - 0:16
PP Defense
1 - 28% - 60% - 0:16
2 - 72% - 40% - 0:41
PK Forward
1 - 74% - 60% - 4:50
2 - 26% - 40% - 1:43
PK Defense
1 - 50% - 60% - 3:16
2 - 50% - 40% - 3:17
PK3 Forward
1 - 0% - 60%
2 - 0% - 40%
PK3 Defense
1 - 0% - 60%
2 - 0% - 40%
44 Forward
1 - 0% - 60%
2 - 0% - 40%
44 Defense
1 - 0% - 60%
2 - 0% - 40%
Last Minute Offensive  - 0:00
Last Minute Defensive  - 0:00
Total
Forward - 60:00
Defense - 60:00

% Time on Ice - DETROIT

Lines # - Real PCT - Wanted PCT - Time Play
Normal Forward
1 - 32% - 35% - 16:47
2 - 29% - 30% - 14:58
3 - 24% - 25% - 12:51
4 - 15% - 10% - 7:54
Normal Defense
1 - 34% - 35% - 17:56
2 - 29% - 30% - 15:25
3 - 25% - 25% - 12:56
4 - 12% - 10% - 6:13
PP Forward
1 - 45% - 60% - 2:58
2 - 55% - 40% - 3:35
PP Defense
1 - 55% - 60% - 3:35
2 - 45% - 40% - 2:58
PK Forward
1 - 82% - 60% - 0:47
2 - 18% - 40% - 0:10
PK Defense
1 - 100% - 60% - 0:57
2 - 0% - 40% - 0:00
PK3 Forward
1 - 0% - 60%
2 - 0% - 40%
PK3 Defense
1 - 0% - 60%
2 - 0% - 40%
44 Forward
1 - 0% - 60%
2 - 0% - 40%
44 Defense
1 - 0% - 60%
2 - 0% - 40%
Last Minute Offensive  - 0:00
Last Minute Defensive  - 0:00
Total
Forward - 60:00
Defense - 60:00

Play-by-Play

1st period


0:01 of 1st period - Ryan Nugent-Hopkins wins face-off versus Sean Couturier in neutral zone.
0:16 of 1st period - Shot by Calle Jarnkrok.
0:16 of 1st period - Shot Misses the Net.
0:26 of 1st period - Shot by Jake Guentzel.
0:26 of 1st period - Goal by Jake Guentzel - NEW JERSEY : 1 - DETROIT : 0.
0:27 of 1st period - Christian Dvorak wins face-off versus Dylan Strome in neutral zone.
0:29 of 1st period - Off-side.
0:30 of 1st period - Scott Laughton wins face-off versus Dylan Strome in neutral zone.
0:36 of 1st period - Scott Laughton is hit by Samuel Girard and loses puck.
0:49 of 1st period - Icing by Dylan Strome.
0:50 of 1st period - Dylan Strome wins face-off versus Christian Dvorak in NEW JERSEY zone.
1:12 of 1st period - Shot by Brad Hunt.
1:12 of 1st period - Stopped by John Gibson without a rebound.
1:13 of 1st period - Alexander Wennberg wins face-off versus Derek Stepan in DETROIT zone.
1:13 of 1st period - Alexander Wennberg is hit by Mikael Granlund.
1:24 of 1st period - Icing by Dmitry Orlov.
1:25 of 1st period - Ryan Nugent-Hopkins wins face-off versus Derek Stepan in NEW JERSEY zone.
1:25 of 1st period - Aaron Ekblad is hit by Dmitry Orlov and loses puck.
1:52 of 1st period - Shot by Derek Stepan.
1:52 of 1st period - Shot Misses the Net.
1:54 of 1st period - Shot by Mikael Granlund.
1:54 of 1st period - Stopped by John Gibson without a rebound.
1:55 of 1st period - Andrew Copp wins face-off versus Scott Laughton in DETROIT zone.
2:36 of 1st period - Icing by Colton Sceviour.
2:37 of 1st period - Sean Couturier wins face-off versus Scott Laughton in DETROIT zone.
2:46 of 1st period - Shot by Alex DeBrincat.
2:46 of 1st period - Shot Misses the Net.
2:59 of 1st period - Scott Laughton is hit by Jake Guentzel and loses puck.
3:04 of 1st period - Andrej Sekera is hit by Sean Couturier and loses puck.
3:16 of 1st period - Minor Penalty to Sean Couturier for Roughing.
3:17 of 1st period - Ryan Nugent-Hopkins wins face-off versus Anthony Duclair in NEW JERSEY zone.
4:11 of 1st period - Shot by Oscar Klefbom.
4:11 of 1st period - Stopped by Matt Murray without a rebound.
4:12 of 1st period - Christian Dvorak wins face-off versus Anthony Duclair in NEW JERSEY zone.
4:37 of 1st period - Shot by Andrew Copp.
4:37 of 1st period - Shot Misses the Net.
4:39 of 1st period - Shot by Evander Kane.
4:39 of 1st period - Stopped by John Gibson without a rebound.
4:40 of 1st period - Ryan Nugent-Hopkins wins face-off versus Derek Stepan in DETROIT zone.
4:45 of 1st period - Jake Muzzin is hit by Taylor Hall and loses puck.
5:20 of 1st period - Shot by Jake Guentzel.
5:20 of 1st period - Shot Misses the Net.
5:22 of 1st period - Shot by Jake Guentzel.
5:22 of 1st period - Stopped by John Gibson without a rebound.
5:23 of 1st period - Sean Couturier wins face-off versus Christian Dvorak in DETROIT zone.
5:49 of 1st period - Icing by Sean Couturier.
5:50 of 1st period - Sean Couturier wins face-off versus Alexander Wennberg in NEW JERSEY zone.
5:55 of 1st period - Shot by Chandler Stephenson.
5:55 of 1st period - Stopped by Matt Murray without a rebound.
5:56 of 1st period - Dylan Strome wins face-off versus Alexander Wennberg in NEW JERSEY zone.
6:07 of 1st period - Shot by Dylan Strome.
6:07 of 1st period - Stopped by John Gibson without a rebound.
6:08 of 1st period - Derek Stepan wins face-off versus Ryan Nugent-Hopkins in DETROIT zone.
6:17 of 1st period - Shot by Derek Stepan.
6:17 of 1st period - Stopped by John Gibson without a rebound.
6:18 of 1st period - Dylan Strome wins face-off versus Christian Dvorak in DETROIT zone.
6:26 of 1st period - Aaron Ekblad is hit by Evander Kane and loses puck.
6:59 of 1st period - Shot by Anders Lee.
6:59 of 1st period - Shot Misses the Net.
7:28 of 1st period - Christian Dvorak is hit by Jake Muzzin and loses puck.
8:14 of 1st period - Shot by Ryan Nugent-Hopkins.
8:14 of 1st period - Stopped by Matt Murray without a rebound.
8:15 of 1st period - Scott Laughton wins face-off versus Andrew Copp in NEW JERSEY zone.
8:15 of 1st period - Colton Sceviour is hit by Jeff Petry and loses puck.
8:43 of 1st period - Icing by Robert Bortuzzo.
8:44 of 1st period - Dylan Strome wins face-off versus Scott Laughton in DETROIT zone.
8:50 of 1st period - Off-side.
8:51 of 1st period - Dylan Strome wins face-off versus Ryan Nugent-Hopkins in neutral zone.
8:54 of 1st period - Shot by Dylan Strome.
8:54 of 1st period - Shot Blocked by Ian Cole.
8:56 of 1st period - Shot by Samuel Girard.
8:56 of 1st period - Stopped by John Gibson without a rebound.
8:57 of 1st period - Dylan Strome wins face-off versus Ryan Nugent-Hopkins in DETROIT zone.
8:57 of 1st period - Dylan Strome is hit by Ian Cole.
9:18 of 1st period - Shot by Ryan Nugent-Hopkins.
9:18 of 1st period - Stopped by Matt Murray without a rebound.
9:19 of 1st period - Alexander Wennberg wins face-off versus Derek Stepan in NEW JERSEY zone.
9:24 of 1st period - Shot by Chandler Stephenson.
9:24 of 1st period - Shot Misses the Net.
9:26 of 1st period - Shot by Chandler Stephenson.
9:26 of 1st period - Stopped by Matt Murray without a rebound.
9:27 of 1st period - Ryan Nugent-Hopkins wins face-off versus Sean Couturier in NEW JERSEY zone.
9:27 of 1st period - Ryan Nugent-Hopkins is hit by Jeff Petry.
9:46 of 1st period - Off-side.
9:47 of 1st period - Alexander Wennberg wins face-off versus Mikael Granlund in neutral zone.
9:55 of 1st period - Icing by Derek Stepan.
9:56 of 1st period - Ryan Nugent-Hopkins wins face-off versus Mikael Granlund in NEW JERSEY zone.
10:20 of 1st period - Shot by Ryan Nugent-Hopkins.
10:20 of 1st period - Shot Misses the Net.
10:57 of 1st period - Icing by Jake Muzzin.
10:58 of 1st period - Scott Laughton wins face-off versus Derek Stepan in NEW JERSEY zone.
11:09 of 1st period - Shot by Colton Sceviour.
11:09 of 1st period - Stopped by Matt Murray with a rebound.
11:31 of 1st period - Shot by Anders Lee.
11:31 of 1st period - Stopped by John Gibson without a rebound.
11:32 of 1st period - Christian Dvorak wins face-off versus Alex DeBrincat in DETROIT zone.
11:32 of 1st period - Christian Dvorak is hit by Sean Couturier.
11:44 of 1st period - Shot by Jake Guentzel.
11:44 of 1st period - Deflect By Alex DeBrincat.
11:44 of 1st period - Shot Blocked by Tyler Myers.
11:46 of 1st period - Shot by Sean Couturier.
11:46 of 1st period - Stopped by John Gibson with a rebound.
11:54 of 1st period - Shot by Jake Guentzel.
11:54 of 1st period - Goal by Jake Guentzel - NEW JERSEY : 2 - DETROIT : 0.
11:55 of 1st period - Ryan Nugent-Hopkins wins face-off versus Dylan Strome in neutral zone.
12:58 of 1st period - Shot by Max Domi.
12:58 of 1st period - Stopped by Matt Murray with a rebound.
13:43 of 1st period - Jake Guentzel is hit by Justin Abdelkader.
14:18 of 1st period - Shot by Andrew Copp.
14:18 of 1st period - Shot Blocked by Patrik Nemeth.
14:20 of 1st period - Shot by Dmitry Orlov.
14:20 of 1st period - Shot Blocked by Patrik Nemeth.
14:30 of 1st period - Shot by Zach Aston-Reese.
14:30 of 1st period - Deflect By Danton Heinen.
14:30 of 1st period - Stopped by John Gibson without a rebound.
14:31 of 1st period - Ryan Nugent-Hopkins wins face-off versus Derek Stepan in DETROIT zone.
14:38 of 1st period - Shot by Ryan Nugent-Hopkins.
14:38 of 1st period - Shot Blocked by Dougie Hamilton.
14:40 of 1st period - Shot by Ryan Nugent-Hopkins.
14:40 of 1st period - Shot Misses the Net.
14:42 of 1st period - Shot by Ian Cole.
14:42 of 1st period - Shot Blocked by Dougie Hamilton.
14:58 of 1st period - Shot by Ryan Nugent-Hopkins.
14:58 of 1st period - Shot Misses the Net.
15:00 of 1st period - Shot by Calle Jarnkrok.
15:00 of 1st period - Shot Misses the Net.
15:19 of 1st period - Icing by Jeff Petry.
15:20 of 1st period - Alexander Wennberg wins face-off versus Derek Stepan in NEW JERSEY zone.
15:38 of 1st period - Minor Penalty to Tyler Myers for Hooking.
15:39 of 1st period - Ryan Nugent-Hopkins wins face-off versus Sean Couturier in DETROIT zone.
15:39 of 1st period - Ryan Nugent-Hopkins is hit by Evander Kane.
16:15 of 1st period - Shot by Samuel Girard.
16:15 of 1st period - Shot Misses the Net.
16:17 of 1st period - Shot by Sean Couturier.
16:17 of 1st period - Stopped by John Gibson with a rebound.
16:19 of 1st period - Shot by Dmitry Orlov.
16:19 of 1st period - Goal by Dmitry Orlov - NEW JERSEY : 3 - DETROIT : 0.
16:20 of 1st period - Christian Dvorak wins face-off versus Andrew Copp in neutral zone.
16:20 of 1st period - Brendan Smith is hit by Andrew Copp and loses puck.
17:37 of 1st period - Shot by Justin Abdelkader.
17:37 of 1st period - Stopped by Matt Murray with a rebound.
18:21 of 1st period - Shot by Valeri Nichushkin.
18:21 of 1st period - Goal by Valeri Nichushkin - NEW JERSEY : 3 - DETROIT : 1.
18:22 of 1st period - Sean Couturier wins face-off versus Ryan Nugent-Hopkins in neutral zone.
Goals for this period are 3 for NEW JERSEY vs 1 for DETROIT.
Shots for this period are 14 for NEW JERSEY vs 9 for DETROIT.

2nd period


0:01 of 2nd period - Ryan Nugent-Hopkins wins face-off versus Dylan Strome in neutral zone.
0:18 of 2nd period - Shot by Anders Lee.
0:18 of 2nd period - Shot Misses the Net.
0:58 of 2nd period - Dmitry Orlov is hit by Ryan Nugent-Hopkins and loses puck.
1:16 of 2nd period - Alex DeBrincat is hit by Oscar Klefbom and loses puck.
2:00 of 2nd period - Minor Penalty to Christian Dvorak for Hooking.
2:01 of 2nd period - Ryan Nugent-Hopkins wins face-off versus Dylan Strome in DETROIT zone.
2:12 of 2nd period - Shot by Jeff Petry.
2:12 of 2nd period - Shot Blocked by Aaron Ekblad.
2:16 of 2nd period - Shot by Dougie Hamilton.
2:16 of 2nd period - Goal by Dougie Hamilton - NEW JERSEY : 4 - DETROIT : 1.
2:17 of 2nd period - Derek Stepan wins face-off versus Zemgus Girgensons in neutral zone.
2:36 of 2nd period - Shot by Christian Dvorak.
2:36 of 2nd period - Stopped by Matt Murray without a rebound.
2:37 of 2nd period - Dylan Strome wins face-off versus Scott Laughton in NEW JERSEY zone.
2:37 of 2nd period - Jeff Petry is hit by Justin Abdelkader and loses puck.
3:03 of 2nd period - Shot by Dougie Hamilton.
3:03 of 2nd period - Stopped by John Gibson with a rebound.
3:05 of 2nd period - Shot by Jeff Petry.
3:05 of 2nd period - Shot Misses the Net.
3:17 of 2nd period - Shot by Evander Kane.
3:17 of 2nd period - Stopped by John Gibson with a rebound.
3:53 of 2nd period - Ryan Nugent-Hopkins is hit by Samuel Girard and loses puck.
4:31 of 2nd period - Shot by Christian Dvorak.
4:31 of 2nd period - Shot Hit the Post.
4:37 of 2nd period - Shot by Max Domi.
4:37 of 2nd period - Stopped by Matt Murray without a rebound.
4:38 of 2nd period - Sean Couturier wins face-off versus Alexander Wennberg in NEW JERSEY zone.
5:10 of 2nd period - Jake Guentzel is hit by Valeri Nichushkin and loses puck.
5:52 of 2nd period - Off-side.
5:53 of 2nd period - Calle Jarnkrok wins face-off versus Derek Stepan in neutral zone.
5:57 of 2nd period - Ryan Nugent-Hopkins is hit by Dmitry Orlov and loses puck.
6:02 of 2nd period - Shot by Ryan Nugent-Hopkins.
6:02 of 2nd period - Stopped by Matt Murray without a rebound.
6:03 of 2nd period - Christian Dvorak wins face-off versus Dylan Strome in NEW JERSEY zone.
6:11 of 2nd period - Icing by Jake Muzzin.
6:12 of 2nd period - Dylan Strome wins face-off versus Ryan Nugent-Hopkins in NEW JERSEY zone.
6:20 of 2nd period - Shot by Evander Kane.
6:20 of 2nd period - Shot Misses the Net.
6:22 of 2nd period - Shot by Evander Kane.
6:22 of 2nd period - Shot Misses the Net.
6:24 of 2nd period - Shot by Dylan Strome.
6:24 of 2nd period - Stopped by John Gibson without a rebound.
6:25 of 2nd period - Christian Dvorak wins face-off versus Sean Couturier in DETROIT zone.
7:07 of 2nd period - Andrej Sekera is hit by Sean Couturier and loses puck.
7:23 of 2nd period - Off-side.
7:24 of 2nd period - Dylan Strome wins face-off versus Ryan Nugent-Hopkins in neutral zone.
7:28 of 2nd period - Shot by Anders Lee.
7:28 of 2nd period - Shot Blocked by Tyler Myers.
7:38 of 2nd period - Shot by Evander Kane.
7:38 of 2nd period - Stopped by John Gibson without a rebound.
7:39 of 2nd period - Derek Stepan wins face-off versus Scott Laughton in DETROIT zone.
7:44 of 2nd period - Shot by Mikael Granlund.
7:44 of 2nd period - Stopped by John Gibson without a rebound.
7:45 of 2nd period - Dylan Strome wins face-off versus Ryan Nugent-Hopkins in DETROIT zone.
8:13 of 2nd period - Samuel Girard is hit by Ryan Nugent-Hopkins and loses puck.
9:42 of 2nd period - Shot by Max Domi.
9:42 of 2nd period - Stopped by Matt Murray without a rebound.
9:43 of 2nd period - Alexander Wennberg wins face-off versus Derek Stepan in NEW JERSEY zone.
9:50 of 2nd period - Icing by Dmitry Orlov.
9:51 of 2nd period - Ryan Nugent-Hopkins wins face-off versus Derek Stepan in NEW JERSEY zone.
10:16 of 2nd period - Shot by Mikael Granlund.
10:16 of 2nd period - Stopped by John Gibson with a rebound.
11:27 of 2nd period - Minor Penalty to Jake Guentzel for Boarding.
11:28 of 2nd period - Sean Couturier wins face-off versus Christian Dvorak in NEW JERSEY zone.
13:21 of 2nd period - Shot by Oscar Klefbom.
13:21 of 2nd period - Stopped by Matt Murray without a rebound.
13:22 of 2nd period - Scott Laughton wins face-off versus Sean Couturier in NEW JERSEY zone.
13:29 of 2nd period - Shot by Calle Jarnkrok.
13:29 of 2nd period - Stopped by Matt Murray without a rebound.
13:30 of 2nd period - Alexander Wennberg wins face-off versus Andrew Copp in NEW JERSEY zone.
15:01 of 2nd period - Icing by Jeff Petry.
15:02 of 2nd period - Dylan Strome wins face-off versus Ryan Nugent-Hopkins in NEW JERSEY zone.
15:02 of 2nd period - Dylan Strome is hit by Ryan Nugent-Hopkins.
16:10 of 2nd period - Icing by Calle Jarnkrok.
16:11 of 2nd period - Andrew Copp wins face-off versus Ryan Nugent-Hopkins in DETROIT zone.
16:18 of 2nd period - Shot by Zach Aston-Reese.
16:18 of 2nd period - Stopped by John Gibson without a rebound.
16:19 of 2nd period - Derek Stepan wins face-off versus Christian Dvorak in DETROIT zone.
16:33 of 2nd period - Icing by Tyler Myers.
16:34 of 2nd period - Dylan Strome wins face-off versus Christian Dvorak in DETROIT zone.
17:07 of 2nd period - Shot by Evander Kane.
17:07 of 2nd period - Goal by Evander Kane - NEW JERSEY : 5 - DETROIT : 1.
17:08 of 2nd period - Sean Couturier wins face-off versus Scott Laughton in neutral zone.
17:25 of 2nd period - Shot by Jake Guentzel.
17:25 of 2nd period - Shot Misses the Net.
17:46 of 2nd period - Dmitry Orlov is hit by Patrik Nemeth.
17:48 of 2nd period - Shot by Jake Guentzel.
17:48 of 2nd period - Stopped by John Gibson with a rebound.
18:04 of 2nd period - Brendan Smith is hit by Sean Couturier and loses puck.
18:23 of 2nd period - Shot by Alexander Wennberg.
18:23 of 2nd period - Deflect By Valeri Nichushkin.
18:23 of 2nd period - Shot Blocked by Dmitry Orlov.
19:24 of 2nd period - Shot by Evander Kane.
19:24 of 2nd period - Shot Blocked by Tyler Myers.
19:26 of 2nd period - Shot by Dougie Hamilton.
19:26 of 2nd period - Deflect By Dylan Strome.
19:26 of 2nd period - Stopped by John Gibson with a rebound.
Goals for this period are 2 for NEW JERSEY vs 0 for DETROIT.
Shots for this period are 11 for NEW JERSEY vs 6 for DETROIT.

3rd period


0:01 of 3rd period - Ryan Nugent-Hopkins wins face-off versus Sean Couturier in neutral zone.
0:41 of 3rd period - Shot by Sean Couturier.
0:41 of 3rd period - Stopped by John Gibson without a rebound.
0:42 of 3rd period - Justin Abdelkader wins face-off versus Dylan Strome in DETROIT zone.
1:13 of 3rd period - Shot by Colton Sceviour.
1:13 of 3rd period - Deflect By Scott Laughton.
1:13 of 3rd period - Shot Misses the Net.
1:15 of 3rd period - Shot by Colton Sceviour.
1:15 of 3rd period - Stopped by Matt Murray with a rebound.
1:16 of 3rd period - Minor Penalty to Jake Muzzin for Interference.
1:17 of 3rd period - Christian Dvorak wins face-off versus Sean Couturier in NEW JERSEY zone.
1:46 of 3rd period - Shot by Dougie Hamilton.
1:46 of 3rd period - Stopped by John Gibson without a rebound.
1:47 of 3rd period - Ryan Nugent-Hopkins wins face-off versus Sean Couturier in DETROIT zone.
1:58 of 3rd period - Icing by Ian Cole.
1:59 of 3rd period - Sean Couturier wins face-off versus Ryan Nugent-Hopkins in DETROIT zone.
3:37 of 3rd period - Evander Kane is hit by Patrik Nemeth and loses puck.
3:48 of 3rd period - Shot by Dylan Strome.
3:48 of 3rd period - Stopped by John Gibson without a rebound.
3:49 of 3rd period - Andrew Copp wins face-off versus Alexander Wennberg in DETROIT zone.
3:54 of 3rd period - Shot by Zach Aston-Reese.
3:54 of 3rd period - Deflect By Danton Heinen.
3:54 of 3rd period - Stopped by John Gibson without a rebound.
3:55 of 3rd period - Zemgus Girgensons wins face-off versus Andrew Copp in DETROIT zone.
4:53 of 3rd period - Shot by Jake Guentzel.
4:53 of 3rd period - Shot Misses the Net.
5:09 of 3rd period - Shot by Taylor Hall.
5:09 of 3rd period - Shot Misses the Net.
5:20 of 3rd period - Icing by Dougie Hamilton.
5:21 of 3rd period - Sean Couturier wins face-off versus Scott Laughton in NEW JERSEY zone.
5:49 of 3rd period - Scott Laughton is hit by Jake Muzzin and loses puck.
6:57 of 3rd period - Icing by Brad Hunt.
6:58 of 3rd period - Ryan Nugent-Hopkins wins face-off versus Dylan Strome in NEW JERSEY zone.
7:04 of 3rd period - Ryan Nugent-Hopkins is hit by Samuel Girard and loses puck.
7:11 of 3rd period - Shot by Taylor Hall.
7:11 of 3rd period - Shot Misses the Net.
7:13 of 3rd period - Shot by Taylor Hall.
7:13 of 3rd period - Shot Blocked by Samuel Girard.
7:14 of 3rd period - Minor Penalty to Samuel Girard for Hooking.
7:15 of 3rd period - Sean Couturier wins face-off versus Christian Dvorak in NEW JERSEY zone.
7:42 of 3rd period - Shot by Aaron Ekblad.
7:42 of 3rd period - Shot Misses the Net.
7:44 of 3rd period - Shot by Tyler Myers.
7:44 of 3rd period - Stopped by Matt Murray with a rebound.
7:46 of 3rd period - Shot by Tyler Myers.
7:46 of 3rd period - Shot Misses the Net.
7:48 of 3rd period - Shot by Zemgus Girgensons.
7:48 of 3rd period - Shot Misses the Net.
7:50 of 3rd period - Shot by Zemgus Girgensons.
7:50 of 3rd period - Deflect By Max Domi.
7:50 of 3rd period - Goal by Max Domi - NEW JERSEY : 5 - DETROIT : 2.
7:51 of 3rd period - Calle Jarnkrok wins face-off versus Andrew Copp in neutral zone.
8:08 of 3rd period - Shot by Andrew Copp.
8:08 of 3rd period - Shot Misses the Net.
8:49 of 3rd period - Shot by Evander Kane.
8:49 of 3rd period - Shot Blocked by Andrej Sekera.
8:55 of 3rd period - Shot by Justin Abdelkader.
8:55 of 3rd period - Stopped by Matt Murray without a rebound.
8:56 of 3rd period - Christian Dvorak wins face-off versus Jake Guentzel in NEW JERSEY zone.
9:34 of 3rd period - Shot by Sean Couturier.
9:34 of 3rd period - Shot Misses the Net.
9:36 of 3rd period - Shot by Jake Muzzin.
9:36 of 3rd period - Shot Blocked by Zemgus Girgensons.
9:38 of 3rd period - Shot by Sean Couturier.
9:38 of 3rd period - Shot Blocked by Aaron Ekblad.
9:45 of 3rd period - Icing by Max Domi.
9:46 of 3rd period - Derek Stepan wins face-off versus Christian Dvorak in DETROIT zone.
9:47 of 3rd period - Shot by Anthony Duclair.
9:47 of 3rd period - Stopped by John Gibson without a rebound.
9:48 of 3rd period - Ryan Nugent-Hopkins wins face-off versus Derek Stepan in DETROIT zone.
10:23 of 3rd period - Shot by Taylor Hall.
10:23 of 3rd period - Shot Hit the Post.
10:25 of 3rd period - Shot by Ryan Nugent-Hopkins.
10:25 of 3rd period - Shot Misses the Net.
10:47 of 3rd period - Shot by Scott Laughton.
10:47 of 3rd period - Stopped by Matt Murray without a rebound.
10:48 of 3rd period - Sean Couturier wins face-off versus Alexander Wennberg in NEW JERSEY zone.
11:52 of 3rd period - Shot by Anders Lee.
11:52 of 3rd period - Shot Misses the Net.
12:10 of 3rd period - Samuel Girard is hit by Max Domi and loses puck.
12:30 of 3rd period - Off-side.
12:31 of 3rd period - Derek Stepan wins face-off versus Ryan Nugent-Hopkins in neutral zone.
12:35 of 3rd period - Jeff Petry is hit by Calle Jarnkrok and loses puck.
12:49 of 3rd period - Icing by Dougie Hamilton.
12:50 of 3rd period - Scott Laughton wins face-off versus Derek Stepan in NEW JERSEY zone.
12:50 of 3rd period - Justin Abdelkader is hit by Dougie Hamilton and loses puck.
12:56 of 3rd period - Off-side.
12:57 of 3rd period - Sean Couturier wins face-off versus Taylor Hall in neutral zone.
14:20 of 3rd period - Shot by Aaron Ekblad.
14:20 of 3rd period - Deflect By Christian Dvorak.
14:20 of 3rd period - Shot Misses the Net.
14:22 of 3rd period - Shot by Zemgus Girgensons.
14:22 of 3rd period - Shot Misses the Net.
14:46 of 3rd period - Shot by Dylan Strome.
14:46 of 3rd period - Shot Misses the Net.
16:01 of 3rd period - Chandler Stephenson is hit by Jeff Petry and loses puck.
16:06 of 3rd period - Shot by Valeri Nichushkin.
16:06 of 3rd period - Shot Misses the Net.
16:08 of 3rd period - Shot by Valeri Nichushkin.
16:08 of 3rd period - Shot Misses the Net.
16:10 of 3rd period - Shot by Valeri Nichushkin.
16:10 of 3rd period - Stopped by Matt Murray with a rebound.
16:40 of 3rd period - Shot by Taylor Hall.
16:40 of 3rd period - Stopped by Matt Murray with a rebound.
16:54 of 3rd period - Shot by Anders Lee.
16:54 of 3rd period - Stopped by John Gibson without a rebound.
16:55 of 3rd period - Sean Couturier wins face-off versus Christian Dvorak in DETROIT zone.
16:57 of 3rd period - Jake Guentzel is hit by Ian Cole and loses puck.
17:47 of 3rd period - Icing by Oscar Klefbom.
17:48 of 3rd period - Christian Dvorak wins face-off versus Derek Stepan in DETROIT zone.
17:55 of 3rd period - Shot by Mikael Granlund.
17:55 of 3rd period - Stopped by John Gibson without a rebound.
17:56 of 3rd period - Ryan Nugent-Hopkins wins face-off versus Dylan Strome in DETROIT zone.
18:04 of 3rd period - Icing by Dougie Hamilton.
18:05 of 3rd period - Scott Laughton wins face-off versus Dylan Strome in NEW JERSEY zone.
18:17 of 3rd period - Aaron Ekblad is hit by Dougie Hamilton and loses puck.
18:38 of 3rd period - Dylan Strome is hit by Justin Abdelkader and loses puck.
19:03 of 3rd period - Jake Guentzel is hit by Calle Jarnkrok and loses puck.
19:07 of 3rd period - Off-side.
19:08 of 3rd period - Derek Stepan wins face-off versus Max Domi in neutral zone.
19:14 of 3rd period - Derek Stepan is hit by Ian Cole and loses puck.
19:21 of 3rd period - Shot by Derek Stepan.
19:21 of 3rd period - Stopped by John Gibson without a rebound.
19:22 of 3rd period - Sean Couturier wins face-off versus Ryan Nugent-Hopkins in DETROIT zone.
19:43 of 3rd period - Icing by Dmitry Orlov.
19:44 of 3rd period - Zemgus Girgensons wins face-off versus Sean Couturier in NEW JERSEY zone.
Goals for this period are 0 for NEW JERSEY vs 1 for DETROIT.
Shots for this period are 8 for NEW JERSEY vs 7 for DETROIT.